 Dungeon Crawl Stone Soup version 0.28.0-45-g0d030f2227 (webtiles) character file.

Game seed: 14429069487353148128

385 billz999 the Sneak (level 6, -4/41 HPs)
             Began as a Vampire Earth Elementalist on Apr 15, 2022.
             Was an Initiate of Kikubaaqudgha.
             Slain by Duvessa
             ... wielding a +0 rapier
              (11 damage)
             ... on level 4 of the Dungeon.
             The game lasted 00:09:30 (2901 turns).

billz999 the Sneak (Vampire Earth Elementalist)     Turns: 2901, Time: 00:09:31

Health: -4/41      AC:  5    Str: 13    XL:     6   Next: 48%
Magic:  9/11       EV: 12    Int: 19    God:    Kikubaaqudgha [......]
Gold:   119        SH:  0    Dex: 15    Spells: 4/12 levels left

rFire   . . .      SeeInvis +   k - +1 dagger (venom)
rCold   . . .      Faith    .   (no shield)
rNeg    . . .      Spirit   .   b - +0 robe
rPois   .          Reflect  .   (no helmet)
rElec   .          Harm     .   (no cloak)
rCorr   .          Rampage  .   l - +2 pair of gloves
Will    .....                   (no boots)
Stlth   +++.......              (no amulet)
HPRegen 0.33/turn               g - +6 ring of strength
MPRegen 0.12/turn               (no ring)

@: attractive, healing quickly
A: alive, fangs 3, see invisible, vampiric 2
a: Exsanguinate, Renounce Religion


You were on level 4 of the Dungeon.
You worshipped Kikubaaqudgha.
Kikubaaqudgha was noncommittal.
You visited 1 branch of the dungeon, and saw 4 of its levels.

You collected 119 gold pieces.

Inventory:

Hand Weapons
 e - a +1 whip of venom
 j - a +0 dagger of protection
 k - a +1 dagger of venom (weapon)
Missiles
 c - 91 stones
Armour
 b - a +0 robe (worn)
 l - a +2 pair of gloves (worn)
Jewellery
 g - a +6 ring of strength (left hand)
Wands
 q - a wand of polymorph (4)
Scrolls
 a - a scroll of amnesia {unknown}
 d - a scroll of blinking {unknown}
 f - 2 scrolls of teleportation {unknown}
 m - a scroll of identify {unknown}
 o - a scroll of fog {unknown}
Potions
 h - a potion of attraction
 i - 2 potions of haste {unknown}
 n - 2 potions of might {unknown}
 p - a potion of magic {unknown}


   Skills:
 - Level 2.3 Dodging
 + Level 6.0 Stealth
 + Level 3.5 Spellcasting
 + Level 3.6 Transmutations
 + Level 4.4 Earth Magic


You had 4 spell levels left.
You knew the following spells:

 Your Spells              Type           Power      Damage    Failure   Level
a - Sandblast             Erth           40%        2d10      2%          1
b - Stone Arrow           Conj/Erth      22%        3d8       17%         3
c - Petrify               Tmut/Erth      18%        N/A       26%         4

Your spell library contained the following spells:

 Spells                   Type           Power      Damage    Failure   Level
 Passwall                 Tmut/Erth      15%        N/A       4%          2
 Animate Armour           Summ/Erth      22%        N/A       50%         4
 Lehudib's Crystal Spear  Conj/Erth      5%         10d3      100%        8


Dungeon Overview and Level Annotations

Branches:
Dungeon (4/15)
 Temple: D:4-7

Altars:
Kikubaaqudgha

Annotations:
D:2 exclusion: Sigmund
D:4 Duvessa


Innate Abilities, Weirdness & Mutations

Your natural rate of healing is accelerated.
You have razor-sharp teeth.
You have supernaturally acute eyesight. (SInv)
You are afflicted with vampirism and can become a bat while bloodless.


Message History

Your Stealth skill increases to level 6!
You start waiting.
Duvessa, Sister of Dowan comes into view.
She is wielding a +0 rapier and wearing a +3 scale mail of poison resistance.
Duvessa goes berserk!
Casting: Sandblast (safe; 2% risk of failure)
Confirm with . or Enter, or press ? or * to list all spells.
Okay, then.
Casting: Sandblast (safe; 2% risk of failure)
Confirm with . or Enter, or press ? or * to list all spells.
The spell is quite dangerous to miscast (26% risk of failure)!
Continue anyway?
Okay, then.
Duvessa rages.
You hear a shout!
Casting: Petrify (quite dangerous; 26% risk of failure)
Confirm with . or Enter, or press ? or * to list all spells.
The spell is quite dangerous to miscast (26% risk of failure)!
Continue anyway?
Aiming: Petrify (quite dangerous; 26% risk of failure)
Press: ? - help, Shift-Dir - straight line, f - Duvessa
Aim: Duvessa, wielding a +0 rapier and wearing a +3 scale mail of poison resistance (berserk, chance to affect: 33%) Duvessa easily resists.
Duvessa rages.
Duvessa hits you with a +0 rapier. Duvessa hits you with a +0 rapier.
Duvessa hits you with a +0 rapier! Duvessa hits you with a +0 rapier.
Duvessa hits you with a +0 rapier!
* * * LOW HITPOINT WARNING * * *
Okay, then.
Duvessa rages.
Duvessa hits you but does no damage.
Duvessa rages.
Duvessa hits you with a +0 rapier.
* * * LOW HITPOINT WARNING * * *
Things that are here:
a +0 halberd; a gnoll corpse It was a potion of attraction.
You feel attractive to monsters. Duvessa hits you with a +0 rapier!
You die...
Kikubaaqudgha rasps: "You have failed me!
Welcome... death!"

#...##########..#
#...# ##.## ###.##
#..# #<..# ##.# #...#
# #.# #...## #.##.##
#<...## #.....#
#.....##########....
#..@..............#.
#####e[###########...
#............########
##.##.##.###.....####
#.##.##.# #####.....
#.....#.## #####.
####..#..## ##
##.##..### #.###...##


You could see Duvessa (berserk).

Vanquished Creatures
  Sigmund (D:2)
  Dowan (D:4)
  Jessica (D:2)
  Ijyb (D:4)
  A gnoll (D:4)
  3 adders
  2 worms (D:3)
  4 dart slugs
  An orc (D:3)
  6 endoplasms
  3 giant cockroaches
  6 hobgoblins
  2 jackals (D:1)
  5 kobolds
  3 quokkas
  5 ball pythons
  2 bats
  4 frilled lizards
  10 goblins
  9 rats
70 creatures vanquished.

Vanquished Creatures (others)
  3 plants (D:4)
3 creatures vanquished.

Grand Total: 73 creatures vanquished

Notes
Turn   | Place    | Note
-------+----------+-------------------------------------------
     0 | D:1      | billz999 the Vampire Earth Elementalist began the quest for
                  | the Orb.
     0 | D:1      | Reached XP level 1. HP: 13/13 MP: 3/3
   198 | D:1      | Reached XP level 2. HP: 19/19 MP: 5/5
   735 | D:1      | Gained mutation: You are afflicted with vampirism and can
                  | become a bat while bloodless. [Vampire growth]
   735 | D:1      | Reached XP level 3. HP: 24/24 MP: 6/6
   853 | D:1      | Learned a level 3 spell: Stone Arrow
  1164 | D:2      | Reached skill level 4 in Stealth
  1241 | D:2      | Noticed Sigmund
  1300 | D:2      | Noticed Jessica
  1303 | D:2      | Killed Jessica
  1304 | D:2      | Reached XP level 4. HP: 30/30 MP: 5/7
  1512 | D:2      | Found a faded altar of an unknown god.
  1840 | D:2      | Killed Sigmund
  1841 | D:2      | Reached skill level 5 in Stealth
  1841 | D:2      | Reached XP level 5. HP: 15/35 MP: 0/9
  1841 | D:2      | Reached XP level 6. HP: 18/41 MP: 0/10
  2175 | D:3      | Learned a level 4 spell: Petrify
  2310 | D:3      | Found an ancient bone altar of Kikubaaqudgha.
  2316 | D:3      | Became a worshipper of Kikubaaqudgha
  2692 | D:4      | Noticed Ijyb
  2727 | D:4      | Killed Ijyb
  2870 | D:4      | Noticed Dowan
  2877 | D:4      | Killed Dowan
  2878 | D:4      | Reached skill level 6 in Stealth
  2881 | D:4      | Noticed Duvessa
  2901 | D:4      | Slain by Duvessa

Illustrated notes

Levels and vault maps discovered:
D:1:      minmay_arrival_shattered_statue, layout_basic
D:2:      layout_loops_corners, shapermc_ecumenical_altar_notcrosses,
          grunt_decor_arrowhead, uniq_sigmund, uniq_jessica
D:3:      layout_basic, kiku_gazebo_garden_becter
D:4:      layout_rooms, minmay_temple_entry_overgrown, corexii_hall_statues_x,
          lexackson_kobold_supper, uniq_duvessa, uniq_ijyb

Skill      XL: |  1  2  3  4  5  6 |
---------------+-------------------+-----
Transmutations | 2 3 |  3.6
Stealth        | 4 5 6 |  6.0
Spellcasting   | 3 |  3.5
Earth Magic    | 4 |  4.4
Dodging        | |  2.3

Action                   |  1- 3 |  4- 6 || total
-------------------------+-------+-------++-------
Melee: Whip              |    65 |       ||    65
       Unarmed           |     1 |    10 ||    11
       Bite              |     8 |     6 ||    14
       Dagger            |       |    56 ||    56
       Punch             |       |     1 ||     1
 Cast: Sandblast         |    16 |     6 ||    22
       Petrify           |       |     1 ||     1
  Use: Potion            |       |     1 ||     1
 Stab: Sleeping          |     3 |    13 ||    16
       Confused          |       |     2 ||     2
Armor: Robe              |     7 |    10 ||    17
       Skin              |       |     2 ||     2
Dodge: Dodged            |    41 |    51 ||    92
